 Dungeon Crawl Stone Soup version 0.20.1-1-g8b1a95d (webtiles) character file.

625 keltmir the Transmogrifier (level 7, -5/52 HPs)
             Began as a Purple Draconian Transmuter on Nov 1, 2017.
             Was an Initiate of the Shining One.
             Slain by Regeox's ghost (18 damage)
             ... on level 4 of the Dungeon.
             The game lasted 00:27:38 (6939 turns).

keltmir the Transmogrifier (DrTm)                   Turns: 6939, Time: 00:27:39

Health: -5/52      AC:  2    Str: 12    XL:     7   Next: 23%
Magic:  7/10       EV: 19    Int: 15    God:    the Shining One [......]
Gold:   167        SH:  0    Dex: 17    Spells: 1/10 levels left

rFire    . . .     SeeInvis .     - Unarmed
rCold    . . .     Gourm    .   (shield currently unavailable)
rNeg     . . .     Faith    .   (armour unavailable)
rPois    x         Spirit   .   (helmet currently unavailable)
rElec    .         Reflect  .   (cloak currently unavailable)
rCorr    .         Harm     .   (gloves currently unavailable)
MR       +....                  (boots currently unavailable)
Stlth    +.........             (no amulet)
Regen    0.2/turn               (no ring)
MPRegen  0.2/turn               (no ring)

@: spider-form, glowing
A: (breathe power), unfitting armour, AC +6
a: End Transformation, Renounce Religion


You were on level 4 of the Dungeon.
You worshipped the Shining One.
The Shining One was noncommittal.
You were not hungry.
You were a venomous arachnid creature.
You visited 2 branches of the dungeon, and saw 6 of its levels.

You collected 167 gold pieces.

Inventory:

Missiles
 a - 53 arrows
 o - 5 tomahawks of returning (quivered)
 r - 11 poisoned needles
Armour
 m - a +0 pair of boots (melded)
 p - a +0 cloak (melded)
Jewellery
 g - a +5 ring of evasion {unknown}
 i - a cursed amulet of inaccuracy {unknown}
 j - a +4 ring of protection {unknown}
Wands
 c - a wand of paralysis (13/24)
 e - a wand of iceblast (5/15)
Potions
 h - a potion of curing
 k - a potion of heal wounds {unknown}
 l - a potion of magic
 n - a potion of ambrosia
 q - a potion of mutation {unknown}
Books
 b - a book of Changes

   Spells                             Type                      Level
   a - Beastly Appendage              Transmutation                1
   b - Sticks to Snakes               Transmutation                2
   c - Spider Form                    Transmutation/Poison         3
   d - Ice Form                       Ice/Transmutation            4
   e - Blade Hands                    Transmutation                5
Comestibles
 d - a royal jelly
 f - 4 meat rations


   Skills:
 - Level 1.1 Fighting
 - Level 1.7 Dodging
 - Level 3.0 Unarmed Combat
 - Level 2.4 Spellcasting
 * Level 8.1 Transmutations


You had one spell level left.
You knew the following spells:

 Your Spells              Type           Power        Failure   Level  Hunger
a - Beastly Appendage     Tmut           ####..       4%          1    #......
b - Spider Form           Tmut/Pois      ##........   28%         3    ###....
c - Blade Hands           Tmut           ####......   41%         5    ######.


Dungeon Overview and Level Annotations

Branches:
Dungeon (5/15)             Temple (1/1) D:4

Altars:
Ashenzari
Cheibriados
Elyvilon
Gozag
Hepliaklqana
Kikubaaqudgha
Okawaru
Qazlal
Ru
Uskayaw
Vehumet
The Shining One

Annotations:
D:4 Regeox's ghost, novice HOGl


Innate Abilities, Weirdness & Mutations

((You can breathe bolts of dispelling energy.))
((Your rich purple scales are hard. (AC +6)))
You cannot fit into any form of body armour.
((You are cold-blooded and may be slowed by cold attacks.))


Message History

Confirm with . or Enter, or press ? or * to list all spells.
You turn into a venomous arachnid creature.
Your +0 cloak melds into your body.
Your +0 pair of boots melds into your body.
You climb downwards.
Level annotation: Regeox's ghost, novice HOGl An orc comes into view.
It is wielding a flail.
The orc shouts!
There is a stone staircase leading up, spattered with blood here.
The orc wizard mumbles some strange words.
The orc wizard blinks!
You climb upwards.
There is a stone staircase leading down here.
You climb downwards.
Level annotation: Regeox's ghost, novice HOGl Regeox's ghost hits you!!
The orc closely misses you. Regeox's ghost hits you!
* * * LOW HITPOINT WARNING * * *
There is a stone staircase leading up, spattered with blood here.
Regeox's ghost hits you!!
You die...

#...lW............
#.####.##....####. #.#
#.###.#.### #o# #..
...... #)# #####.#..####
#.##### #(#.....
#.#...####.#..#####..#
###........o.o..>......#
#.......)....#sW#####.##
#.###....#####.o# #.
#...######..#####
#.###...............#
#......######........
####.#.# #.#.###.###
#.#.# #.#.# #... #.#.#
#.#.###.# #...#
#..)....#


You could see an orc wizard, Regeox's ghost and 2 orcs.

Vanquished Creatures
  Eustachio (D:4)
  2 ogres
  An orc wizard (D:4)
  An iguana (D:3)
  Natasha (thrice) (D:3)
  A worker ant (D:3)
  Robin (D:3)
  3 gnolls
  3 adders
  A worm (D:2)
  2 dart slugs (D:1)
  2 leopard geckos
  5 orcs (D:4)
  9 bats
  7 giant cockroaches
  16 goblins
  6 hobgoblins
  5 jackals
  3 quokkas
  2 ball pythons
  3 frilled lizards
  5 kobolds
  10 rats
92 creatures vanquished.

Notes
Turn   | Place    | Note
-------+----------+-------------------------------------------
     0 | D:1      | keltmir the Draconian Transmuter began the quest for the Orb.
     0 | D:1      | Reached XP level 1. HP: 16/16 MP: 3/3
   171 | D:2      | Reached XP level 2. HP: 19/23 MP: 3/5
   284 | D:1      | Reached skill level 3 in Transmutations
   775 | D:1      | Reached XP level 3. HP: 27/28 MP: 6/6
   782 | D:1      | Learned a level 3 spell: Spider Form
  1296 | D:1      | Reached skill level 4 in Transmutations
  1343 | D:1      | Reached XP level 4. HP: 13/35 MP: 2/7
  2646 | D:4      | Noticed Robin
  2657 | D:3      | Killed Robin
  2657 | D:3      | Reached skill level 5 in Transmutations
  2702 | D:3      | Reached XP level 5. HP: 10/40 MP: 5/8
  3187 | D:3      | Noticed Natasha
  3336 | D:4      | Noticed an ogre
  3493 | D:3      | Killed Natasha
  3702 | D:3      | Noticed Natasha
  3707 | D:3      | Killed Natasha
  3805 | D:4      | Noticed an ogre
  3827 | D:3      | Killed an ogre
  3827 | D:3      | Reached skill level 6 in Transmutations
  3827 | D:3      | Reached XP level 6. HP: 40/47 MP: 7/9
  3950 | D:4      | Noticed Regeox's ghost (novice HOGl)
  4111 | D:4      | HP: 2/47 [Regeox's ghost (14)]
  4129 | D:3      | Noticed Natasha
  4447 | D:3      | Killed Natasha
  4550 | D:3      | Learned a level 5 spell: Blade Hands
  4780 | D:4      | Reached skill level 7 in Transmutations
  5077 | D:5      | Entered Level 5 of the Dungeon
  5568 | D:4      | Found a staircase to the Ecumenical Temple.
  5575 | Temple   | Entered the Ecumenical Temple
  6164 | Temple   | Became a worshipper of the Shining One
  6232 | D:4      | Noticed Eustachio
  6255 | D:4      | Killed Eustachio
  6255 | D:4      | Your scales start taking on a rich purple colour.
  6255 | D:4      | Reached XP level 7. HP: 33/52 MP: 8/10
  6288 | Temple   | HP: 2/52 [poisoned by Eustachio]
  6296 | Temple   | HP: 2/52 [poisoned by Eustachio]
  6664 | D:4      | Reached skill level 8 in Transmutations
  6939 | D:4      | Slain by Regeox's ghost

Skill      XL: |  1  2  3  4  5  6  7 |
---------------+----------------------+-----
Transmutations | 3 4 5 6 7 8 |  8.1
Fighting       | |  1.1
Dodging        | |  1.7
Unarmed Combat | |  3.0
Spellcasting   | |  2.4

Action                   |  1- 3 |  4- 6 |  7- 9 || total
-------------------------+-------+-------+-------++-------
Melee: Unarmed           |   110 |   206 |    27 ||   343
       Kick              |     1 |       |       ||     1
       Headbutt          |     1 |       |       ||     1
       Tailslap          |    10 |     7 |       ||    17
Throw: Tomahawk          |       |     1 |       ||     1
 Cast: Beastly Appendage |     3 |       |       ||     3
       Spider Form       |     4 |    21 |     4 ||    29
 Abil: Breathe Dispellin |       |       |     3 ||     3
Evoke: Wand              |       |     1 |       ||     1
  Use: Scroll            |     4 |     3 |       ||     7
       Potion            |       |     2 |       ||     2
 Stab: Sleeping          |     1 |       |       ||     1
  Eat: Bread ration      |     1 |     1 |       ||     2
       Chunk             |       |    12 |     1 ||    13
       Royal jelly       |       |     1 |       ||     1
Armor: Skin              |    28 |    59 |     1 ||    88
Dodge: Dodged            |    83 |   188 |    32 ||   303
